 Dungeon Crawl Stone Soup version 0.31.0-9-g3a7656b989 (webtiles) character file.

Game seed: 3942309110587536380

2 GordonOverkill the Sneak (level 1, -3/1 (18) HPs)
             Began as a Formicid Delver on Jan 25, 2024.
             Slain by a kobold
             ... wielding a +0 short sword
              (4 damage)
             ... on level 4 of the Dungeon.
             The game lasted 00:03:02 (781 turns).

GordonOverkill the Sneak (Formicid Delver)           Turns: 781, Time: 00:03:03

HP:   -3/1 (18)     AC:  3    Str: 16    XL:     1   Next: 44%
MP:   1/1           EV: 12    Int:  9    God:
Gold: 34            SH:  0    Dex: 15    Spells: 0/0 levels left

rFire   . . .        a - +0 spear
rCold   . . .        (no shield)
rNeg    . . .        b - +0 leather armour
rPois   .            (helmet unavailable)
rElec   .            (no cloak)
rCorr   .            (no gloves)
SInv    +            (no boots)
Will    .....        (no amulet)
Stlth   +++          (no ring)
HPRegen 0.20/turn    (no ring)
MPRegen 0.07/turn

%: no passive effects
@: extremely drained
A: permanent stasis, dig shafts and tunnels, antennae 3, four strong arms
a: Dig, Shaft Self


You were on level 4 of the Dungeon.
You visited 1 branch of the dungeon, and saw 4 of its levels.

You collected 34 gold pieces.

Inventory:

Hand Weapons
 a - a +0 spear (weapon)
Armour
 b - a +0 leather armour (worn)
Wands
 f - a wand of digging (3)
Scrolls
 c - a scroll of fog
 e - a scroll of fear


   Skills:
 + Level 3.5 Fighting
 - Level 2.0 Polearms
 - Level 1.7 Dodging
 - Level 6.0 Stealth


You couldn't memorise any spells.
You didn't know any spells.
Your spell library was empty.

Dungeon Overview and Level Annotations

Branches:
Dungeon (7/15)
 Temple: D:4-7

Altars:
Makhleb

Shops:
D:5 =   D:6 (

Annotations:
D:5 Dowan, Duvessa
D:6 Sigmund


Innate Abilities, Weirdness & Mutations

You cannot be hasted, slowed, berserked, paralysed or teleported.
You can dig through walls and to a lower floor.
You have a pair of large antennae on your head. (SInv)
Your four strong arms can wield two-handed weapons with a shield.


Message History

Found Noawka Sumurgh's Jewellery Boutique.
There is an entrance to Noawka Sumurgh's Jewellery Boutique here.
You can access your shopping list by pressing '$'.
Unknown command.
Unknown command.
Unknown command.
You see here a quokka skeleton.
You start waiting.
An orc wizard is nearby!
You extend your mandibles.
You dig through the rock wall.
You feel drained.
You dig through the rock wall.
You feel drained.
You dig through the rock wall.
You feel drained.
You dig through the rock wall.
You feel drained.
You dig through the rock wall.
You feel drained.
You dig through the rock wall.
You feel drained.
You dig through the rock wall.
You feel drained.
You dig through the rock wall.
You feel drained.
You dig through the rock wall.
You feel drained.
You retract your mandibles.
Found a stone staircase leading up.
Found a scroll labelled OLOFIA JIPT.
There is a stone staircase leading up here.
You climb upwards.
The kobold shouts!
Found a war axe and 34 gold pieces.
There is a stone staircase leading down here.
You reach to attack!
You barely miss the ball python. You hit the ball python.
The ball python is heavily wounded.
The ball python bites you but does no damage.
The ball python grabs you. The ball python constricts you.
You hit the ball python.
You kill the ball python!
Found 19 gold pieces.
You hit the kobold.
The kobold is heavily wounded.
The kobold hits you with a +0 short sword.
Ouch! That really hurt!
You die...

#.###.#####
#..........
#....$.....
#......$...
#..........
#.###........).
#..............
######..@K......
.......>#.......
...####.#.######
#.#$# #.#.#
#.#.# { #.#.#
#.#.# #.#


You could see a kobold.

Vanquished Creatures
  A ball python (D:4)
  A quokka (D:5)
2 creatures vanquished.

Notes
Turn   | Place    | Note
-------+----------+-------------------------------------------
     0 | D:5      | GordonOverkill the Formicid Delver began the quest for the
                  | Orb.
     0 | D:5      | Reached XP level 1. HP: 18/18 MP: 1/1
    22 | D:6      | Noticed Sigmund
    99 | D:6      | Noticed a bullfrog
   159 | D:6      | Found Ivycutt's Weapon Shop.
   316 | D:7      | Noticed a howler monkey
   352 | D:5      | Noticed Duvessa
   494 | D:5      | Noticed an orc wizard
   501 | D:5      | Noticed an orc wizard
   511 | D:5      | Found a burning altar of Makhleb.
   514 | D:5      | Noticed a hound
   555 | D:7      | Noticed an orc wizard
   556 | D:7      | Noticed an orc warrior
   610 | D:5      | You fall into a shaft and drop 1 floor!
   700 | D:5      | Noticed Dowan
   707 | D:5      | Found Noawka Sumurgh's Jewellery Boutique.
   781 | D:4      | Slain by a kobold

Illustrated notes

Levels and vault maps discovered:
D:4:      layout_basic, lemuel_tele_altar, uniq_pikel
D:5:      layout_basic, mainiacjoe_overflow_brackets, jmf_multi_god_temple2,
          serial_shops, nicolae_shop_stone, glass_columns_c, uniq_blork_the_orc,
          uniq_duvessa
D:6:      layout_basic, serial_shops, shop, shop, nicolae_shop_rolled_up,
          feat_on_display, uniq_sigmund, uniq_menkaure
D:7:      layout_cave_pods, temple_pool_b, hangedman_decor_push, eino_curves_04

Action                     || total
---------------------------++-------
  Melee: Spear             ||    14
Ability: Dig               ||     2
         Shaft Self        ||     1
    Use: Scroll            ||     1
 Armour: Leather armour    ||     6
  Dodge: Dodged            ||     9
